[Event "RUS-ch Boys U21 2021"]
[Site "Loo"]
[Date "2021.04.29"]
[Round "9.2"]
[White "Murzin, Volodar"]
[Black "Pavlov, Danila"]
[Result "1-0"]
[ECO "C11"]
[WhiteElo "2478"]
[BlackElo "2360"]
[Annotator "ChessBase"]
[PlyCount "81"]
[EventDate "2021.04.21"]
[EventType "swiss"]
[EventCountry "RUS"]
[SourceTitle "playchess.com"]
[Source "ChessBase"]
[SourceQuality "1"]
[TimeControl "40/5400+30:1800+30"]

1. e4 e6 2. d4 d5 3. Nc3 Nf6 4. e5 Nfd7 5. f4 c5 6. Nf3 Nc6 7. Be3 cxd4 8. Nxd4 Bc5 9. Qd2 O-O 10. O-O-O a6 11. Qf2 Nxd4 12. Bxd4 Qe7 13. Bd3 b5 14. Ne2 Bb7 15. Rhe1 Rac8 16. Kb1 b4 17. Qg3 f5 18. exf6 Nxf6 19. f5 exf5 20. Bxf5 Ne4 21. Qh3 Ng5 22. Qg4 h5 23. Bxc5 Rxc5 24. Qxb4 Rc7 25. Qxe7 Rxe7 26. Nd4 Ne4 27. Kc1 Re5 28. Rf1 Rfe8 29. Rde1 a5 30. Rf3 R8e7 31. Ree3 h4 32. g3 g5 33. gxh4 gxh4 34. Rf4 Rg7 35. Re1 Rg2 36. Be6+ Kh7 37. Rxh4+ Kg6 38. Rh8 Rf2 39. Rb8 Ba6 40. Rb6 Nd6 41. Rg1+ 1-0

[Event "RUS-ch Boys U21 2021"]
[Site "Loo"]
[Date "2021.04.29"]
[Round "9.3"]
[White "Golikov, Daniil"]
[Black "Lobanov, Sergei"]
[Result "0-1"]
[ECO "D21"]
[WhiteElo "2250"]
[BlackElo "2520"]
[Annotator "ChessBase"]
[PlyCount "62"]
[EventDate "2021.04.21"]
[EventType "swiss"]
[EventCountry "RUS"]
[SourceTitle "playchess.com"]
[Source "ChessBase"]
[SourceQuality "1"]
[TimeControl "40/5400+30:1800+30"]

1. d4 d5 2. c4 dxc4 3. Nf3 a6 4. e3 Bg4 5. Bxc4 e6 6. Nbd2 Nf6 7. O-O Nc6 8. b3 Bd6 9. Bb2 O-O 10. a3 Nd5 11. Qc2 f5 12. Ne5 Nxe5 13. dxe5 Bc5 14. Rfe1 Ba7 15. Nf1 Qe7 16. b4 Rad8 17. Kh1 Rd7 18. f3 Bh5 19. Rad1 Rfd8 20. Bb3 c5 21. bxc5 Bxc5 22. Qc1 b6 23. e4 fxe4 24. Rxe4 Bg6 25. Ree1 Qh4 26. Qc4 Qxc4 27. Bxc4 b5 28. Bb3 Nf4 29. Rxd7 Rxd7 30. g3 Rd3 31. Bd1 Bf2 0-1

[Event "RUS-ch Boys U21 2021"]
[Site "Loo"]
[Date "2021.04.29"]
[Round "9.4"]
[White "Nesterov, Arseniy"]
[Black "Tsvetkov, Andrey"]
[Result "1/2-1/2"]
[ECO "D43"]
[WhiteElo "2482"]
[BlackElo "2404"]
[Annotator "ChessBase"]
[PlyCount "82"]
[EventDate "2021.04.21"]
[EventType "swiss"]
[EventCountry "RUS"]
[SourceTitle "playchess.com"]
[Source "ChessBase"]
[SourceQuality "1"]
[TimeControl "40/5400+30:1800+30"]

1. d4 d5 2. c4 e6 3. Nf3 Nf6 4. Nc3 c6 5. Bg5 h6 6. Bxf6 Qxf6 7. e3 Nd7 8. Be2 g6 9. O-O Bg7 10. cxd5 exd5 11. b4 a6 12. a4 O-O 13. b5 Qd6 14. bxc6 bxc6 15. Rb1 Re8 16. a5 Ra7 17. Qa4 Rc7 18. Rfd1 Kh7 19. Qa2 Bb7 20. Na4 c5 21. dxc5 Nxc5 22. Rb6 Qf8 23. Nxc5 Qxc5 24. Bxa6 Bxa6 25. Rxa6 d4 26. exd4 Bxd4 27. Rb6 Bg7 28. Rbb1 Ra8 29. Rd5 Qc3 30. h4 Raa7 31. Rbd1 Rc5 32. Rxc5 Qxc5 33. Rd5 Qc1+ 34. Kh2 Qf4+ 35. Kh3 Rc7 36. Qd2 Qe4 37. Rd3 Ra7 38. Ra3 Bf8 39. Ra1 Bb4 40. Qe3 Qxe3 41. fxe3 Rxa5 1/2-1/2

[Event "RUS-ch Boys U21 2021"]
[Site "Loo"]
[Date "2021.04.29"]
[Round "9.5"]
[White "Vetokhin, Savva"]
[Black "Marchuk, Rostislav"]
[Result "1-0"]
[ECO "C41"]
[WhiteElo "2261"]
[BlackElo "2080"]
[Annotator "NA"]
[PlyCount "107"]
[EventDate "2021.04.21"]
[EventType "swiss"]
[EventCountry "RUS"]
[SourceTitle "playchess.com"]
[Source "ChessBase"]
[SourceQuality "1"]
[TimeControl "40/5400+30:1800+30"]

1. e4 d6 2. d4 Nf6 3. Nc3 e5 4. Nf3 Nbd7 5. Bc4 Be7 6. O-O O-O 7. a4 c6 8. Ba2 b6 9. Qe2 a6 10. Rd1 Qc7 11. Nh4 exd4 12. Rxd4 Re8 13. Bf4 Ne5 14. Nf3 Bg4 15. Rad1 b5 16. Qe3 Bf8 17. h3 Bxf3 18. gxf3 Qc8 19. Kg2 d5 20. R4d2 Ng6 21. Bg3 b4 22. Ne2 dxe4 23. fxe4 Rxe4 24. Qf3 Qe8 25. Nd4 Rd8 26. Nf5 Rxd2 27. Rxd2 Nd5 28. Bxd5 cxd5 29. Rxd5 Qe6 30. Rd8 Re1 31. Bd6 Qc4 32. Kh2 h6 33. Qg2 Kh7 34. Rxf8 Qe6 35. Bxb4 Qxf5 36. Rxf7 Qxf7 37. Bxe1 Qc7+ 38. Qg3 Qxc2 39. b3 Qe4 40. Bc3 Qc6 41. b4 h5 42. h4 Qe4 43. b5 axb5 44. axb5 Qb7 45. Bd4 Qd5 46. b6 Qe4 47. Be3 Nxh4 48. b7 Nf3+ 49. Qxf3 Qxf3 50. b8=Q Qg4 51. Qf4 Qe6 52. Qg5 Qf7 53. Bd4 Kg8 54. Kg3 1-0

[Event "RUS-ch Boys U21 2021"]
[Site "Loo"]
[Date "2021.04.29"]
[Round "9.6"]
[White "Obgolts, Erik"]
[Black "Makovich, Andrey"]
[Result "1-0"]
[ECO "B28"]
[WhiteElo "2414"]
[BlackElo "2171"]
[Annotator "NA"]
[PlyCount "115"]
[EventDate "2021.04.21"]
[EventType "swiss"]
[EventCountry "RUS"]
[SourceTitle "playchess.com"]
[Source "ChessBase"]
[SourceQuality "1"]
[TimeControl "40/5400+30:1800+30"]

1. e4 c5 2. Nf3 a6 3. d4 cxd4 4. Nxd4 Nf6 5. Nc3 e5 6. Nf3 Bb4 7. Bd2 d6 8. Bd3 O-O 9. O-O Nbd7 10. a3 Bxc3 11. Bxc3 Nc5 12. Qe1 b5 13. b4 Na4 14. Bd2 Bb7 15. Bg5 Rc8 16. Qd2 h6 17. Bh4 Qe7 18. Rae1 Qe6 19. h3 Nh5 20. Bg3 Nb2 21. Nh4 Nxg3 22. fxg3 d5 23. exd5 Qxd5 24. Nf5 Rfe8 25. Re4 Rc6 26. Rg4 Rg6 27. Ne3 Qd8 28. Qf2 Rxg4 29. Qxf7+ Kh8 30. Nxg4 Bd5 31. Qg6 Nxd3 32. cxd3 Bg8 33. Nxh6 Bh7 34. Nf7+ Kg8 35. Qh5 Qb6+ 36. Kh2 Qg6 37. Qf3 Qxd3 38. Nxe5 Qxf3 39. Nxf3 Re3 40. Ra1 Rb3 41. g4 Bd3 42. Kg3 Kf7 43. Kf4 Bc4 44. h4 Rb2 45. Kg3 Rb3 46. g5 Bd5 47. h5 Ke6 48. Kf4 Kf7 49. Nd4 Rd3 50. Ke5 Bxg2 51. g6+ Ke7 52. Nf5+ Kf8 53. h6 gxh6 54. Kf6 Ke8 55. Re1+ Kd7 56. Re5 Bd5 57. Rxd5+ Rxd5 58. g7 1-0

[Event "RUS-ch Boys U21 2021"]
[Site "Loo"]
[Date "2021.04.29"]
[Round "9.7"]
[White "Stukan, Martin"]
[Black "Zhafyarov, Adel"]
[Result "1-0"]
[ECO "A14"]
[WhiteElo "2390"]
[BlackElo "2252"]
[Annotator "NA"]
[PlyCount "107"]
[EventDate "2021.04.21"]
[EventType "swiss"]
[EventCountry "RUS"]
[SourceTitle "playchess.com"]
[Source "ChessBase"]
[SourceQuality "1"]
[TimeControl "40/5400+30:1800+30"]

1. c4 Nf6 2. Nf3 e6 3. g3 d5 4. Bg2 Be7 5. O-O O-O 6. d4 b6 7. cxd5 exd5 8. Nc3 Bb7 9. Bf4 c5 10. Ne5 Nbd7 11. Qa4 cxd4 12. Nxd7 Qxd7 13. Qxd7 Nxd7 14. Nxd5 Bxd5 15. Bxd5 Rac8 16. Rac1 Nc5 17. Rc4 Bf6 18. b3 Rfe8 19. Bf3 d3 20. e3 b5 21. Rcc1 Bb2 22. Rb1 Bc3 23. Bd5 d2 24. Rfd1 Nd3 25. Bb7 Rc5 26. b4 Rc4 27. Ba6 Rxb4 28. Rxb4 Bxb4 29. Bxb5 Rd8 30. Bxd3 Rxd3 31. e4 Ra3 32. Bxd2 Rd3 33. Rb1 Rxd2 34. Rxb4 g6 35. Ra4 Rd7 36. Kg2 Rb7 37. g4 Kg7 38. h4 Kf6 39. Kf3 Rc7 40. Kf4 Re7 41. Ra6+ Kg7 42. f3 Kg8 43. Ra5 Kg7 44. Ke3 Rd7 45. Ra6 Kf8 46. f4 Rd1 47. Rxa7 Rh1 48. f5 gxf5 49. gxf5 Rxh4 50. f6 Ke8 51. a4 Rh6 52. e5 Rh1 53. a5 Re1+ 54. Kf4 1-0

[Event "RUS-ch Boys U21 2021"]
[Site "Loo"]
[Date "2021.04.29"]
[Round "9.8"]
[White "Makoveev, Ilya"]
[Black "Babanin, Gleb"]
[Result "1-0"]
[ECO "C67"]
[WhiteElo "2315"]
[BlackElo "2123"]
[Annotator "NA"]
[PlyCount "55"]
[EventDate "2021.04.21"]
[EventType "swiss"]
[EventCountry "RUS"]
[SourceTitle "playchess.com"]
[Source "ChessBase"]
[SourceQuality "1"]
[TimeControl "40/5400+30:1800+30"]

1. e4 e5 2. Nf3 Nc6 3. Bb5 Nf6 4. O-O Nxe4 5. Re1 Nd6 6. Nxe5 Be7 7. Bd3 O-O 8. Nc3 Nxe5 9. Rxe5 Bf6 10. Re3 g6 11. Qf3 Ne8 12. b3 d5 13. Ba3 d4 14. Bxf8 dxe3 15. Bh6 exf2+ 16. Qxf2 Ng7 17. Kh1 Nf5 18. Bf4 Be6 19. Rf1 b6 20. Nb5 c5 21. Nc7 Bd7 22. Nxa8 Qxa8 23. c3 Qd5 24. Qf3 Qxf3 25. Rxf3 b5 26. Be4 Be6 27. Bb8 a5 28. g4 1-0

[Event "RUS-ch Boys U21 2021"]
[Site "Loo"]
[Date "2021.04.29"]
[Round "9.9"]
[White "Koliev, Irlan"]
[Black "Makarian, Rudik"]
[Result "0-1"]
[ECO "A73"]
[WhiteElo "2023"]
[BlackElo "2468"]
[Annotator "ChessBase"]
[PlyCount "74"]
[EventDate "2021.04.21"]
[EventType "swiss"]
[EventCountry "RUS"]
[SourceTitle "playchess.com"]
[Source "ChessBase"]
[SourceQuality "1"]
[TimeControl "40/5400+30:1800+30"]

1. Nf3 Nf6 2. d4 e6 3. c4 c5 4. d5 d6 5. Nc3 exd5 6. cxd5 g6 7. e4 Bg7 8. Be2 O-O 9. O-O Na6 10. Nd2 Rb8 11. a4 Nb4 12. Nc4 Ne8 13. f4 b6 14. Be3 Ba6 15. Nb5 Bxb5 16. axb5 Nc7 17. Bf3 Nxb5 18. e5 Re8 19. Bf2 Rb7 20. Re1 Rd7 21. Qa4 a6 22. Nxb6 Qxb6 23. Qxb4 Qb8 24. Qc4 dxe5 25. Rxa6 Nd4 26. Bd1 Rb7 27. Ba4 Rb4 28. Qxc5 Rc8 29. Bxd4 Rxd4 30. Rb6 Qa8 31. Bc6 Qa7 32. fxe5 Rxd5 33. Qf2 Rd2 34. Qe3 Bh6 35. Qxh6 Qxb6+ 36. Kh1 Qf2 37. Ra1 Re2 0-1

[Event "RUS-ch Boys U21 2021"]
[Site "Loo"]
[Date "2021.04.29"]
[Round "9.10"]
[White "Pogosyan, Stefan"]
[Black "Marchenko, Nikolay"]
[Result "1/2-1/2"]
[ECO "A36"]
[WhiteElo "2444"]
[BlackElo "2062"]
[Annotator "NA"]
[PlyCount "114"]
[EventDate "2021.04.21"]
[EventType "swiss"]
[EventCountry "RUS"]
[SourceTitle "playchess.com"]
[Source "ChessBase"]
[SourceQuality "1"]
[TimeControl "40/5400+30:1800+30"]

1. c4 c5 2. Nc3 Nc6 3. g3 g6 4. Bg2 Bg7 5. d3 d6 6. Nf3 e5 7. O-O Nge7 8. a3 a6 9. Rb1 Rb8 10. Qa4 Bd7 11. b4 Nxb4 12. Qb3 Nbc6 13. Bd2 O-O 14. a4 Nd4 15. Qb6 Bc6 16. Qxd8 Rfxd8 17. Rb2 Nxf3+ 18. Bxf3 Bxf3 19. exf3 d5 20. Rfb1 dxc4 21. dxc4 e4 22. Nxe4 Bxb2 23. Rxb2 Nc6 24. Nxc5 Ne5 25. Bc3 Nxc4 26. Rb4 Nd2 27. Kg2 Rd5 28. Nxb7 Nxf3 29. Nc5 Rxb4 30. Bxb4 a5 31. Ne4 Re5 32. Nf6+ Kg7 33. Bc3 Ne1+ 34. Kf1 Kxf6 35. f4 Nd3 36. fxe5+ Ke6 37. Ke2 Nc5 38. Bxa5 Nxa4 39. Bc7 Nc3+ 40. Kf3 Nb5 41. Bb8 Kd5 42. Kg4 h6 43. h4 h5+ 44. Kg5 Ke6 45. Kf4 Nd4 46. Bc7 Ne2+ 47. Kf3 Nc3 48. Ba5 Nd5 49. Ke4 Ne7 50. Kf4 Nc6 51. Bc3 Nb8 52. g4 hxg4 53. Kxg4 Nd7 54. h5 gxh5+ 55. Kxh5 f6 56. exf6 Nxf6+ 57. Bxf6 Kxf6 1/2-1/2

[Event "RUS-ch Boys U21 2021"]
[Site "Loo"]
[Date "2021.04.29"]
[Round "9.11"]
[White "Shemyakin, Valeriy"]
[Black "Kyshtymov, Daniil"]
[Result "1-0"]
[ECO "E62"]
[WhiteElo "2168"]
[BlackElo "2137"]
[Annotator "NA"]
[PlyCount "99"]
[EventDate "2021.04.21"]
[EventType "swiss"]
[EventCountry "RUS"]
[SourceTitle "playchess.com"]
[Source "ChessBase"]
[SourceQuality "1"]
[TimeControl "40/5400+30:1800+30"]

1. Nf3 Nf6 2. g3 g6 3. Bg2 Bg7 4. O-O O-O 5. d4 d6 6. c4 Nc6 7. Nc3 Bg4 8. h3 Bxf3 9. Bxf3 Nd7 10. e3 e5 11. d5 Ne7 12. Be2 f5 13. f4 a6 14. Qc2 Kh8 15. a3 Ng8 16. Bf3 Qf6 17. Kh2 Rae8 18. Bd2 Re7 19. Rae1 Rfe8 20. b3 h5 21. Bd1 h4 22. g4 exf4 23. Rxf4 Bh6 24. Rf3 Ne5 25. Rff1 Nf7 26. gxf5 Qe5+ 27. Kh1 Ng5 28. Bg4 Nf6 29. Ne2 Nge4 30. Bc1 Ng3+ 31. Nxg3 Qxg3 32. Rg1 Rxe3 33. Rxe3 Qxg1+ 34. Kxg1 Bxe3+ 35. Bxe3 Rxe3 36. fxg6 Kg7 37. Kf2 Rg3 38. Bf5 Rg5 39. b4 Rg3 40. a4 b6 41. a5 bxa5 42. bxa5 Rg5 43. Bc8 Rg3 44. Bg4 Ra3 45. Qb2 Rxa5 46. Bf5 Ra4 47. Bd3 Ra5 48. Kf3 Rc5 49. Kf4 c6 50. Kg5 1-0

[Event "RUS-ch Boys U21 2021"]
[Site "Loo"]
[Date "2021.04.29"]
[Round "9.12"]
[White "Shpakov, Vladimir"]
[Black "Sidorov, Dmitry I"]
[Result "0-1"]
[ECO "A50"]
[WhiteElo "1871"]
[BlackElo "2139"]
[Annotator "NA"]
[PlyCount "94"]
[EventDate "2021.04.21"]
[EventType "swiss"]
[EventCountry "RUS"]
[SourceTitle "playchess.com"]
[Source "ChessBase"]
[SourceQuality "1"]
[TimeControl "40/5400+30:1800+30"]

1. d4 Nf6 2. c4 Nc6 3. Nc3 e5 4. d5 Ne7 5. e4 Ng6 6. Bd3 Bc5 7. Nge2 Ng4 8. Be3 Bxe3 9. fxe3 Nxe3 10. Qd2 Nxg2+ 11. Kd1 d6 12. Kc2 O-O 13. Rag1 N2h4 14. Rg3 f5 15. exf5 Nxf5 16. Rf3 Nf4 17. Kc1 Nxd3+ 18. Rxd3 Qh4 19. Ng3 Qxc4 20. Nge4 Nd4 21. b3 Qa6 22. Rg3 Rf1+ 23. Kb2 Bf5 24. Rxg7+ Kxg7 25. Qg2+ Kh8 26. Rxf1 Rg8 27. Qf2 Qd3 28. Qh4 Rg2+ 29. Rf2 Rxf2+ 30. Qxf2 Nf3 31. Nf6 Bg6 32. h4 Kg7 33. Ng4 b5 34. Nxb5 Qb1+ 35. Ka3 Qc1+ 36. Ka4 Qf4+ 37. Ka5 Qxg4 38. Qxa7 Qd7 39. Nxc7 Bf7 40. b4 e4 41. b5 e3 42. Qxe3 Qxc7+ 43. b6 Qc4 44. b7 Qc7+ 45. Qb6 Qb8 46. Qc6 Ne5 47. Qc8 Bxd5 0-1